 Dungeon Crawl Stone Soup version 0.27-a0-223-ge082b6e869 (webtiles) character file.

Game seed: 10479930670212742138

77 jasper the Digger (level 4, 0/24 HPs)
             Began as a Deep Elf Earth Elementalist on Feb 1, 2021.
             Succumbed to an adder's poison
             ... on level 3 of the Dungeon.
             The game lasted 00:05:50 (2166 turns).

jasper the Digger (Deep Elf Earth Elementalist)     Turns: 2166, Time: 00:05:51

Health: 0/24       AC:  2    Str:  5    XL:     4   Next: 14%
Magic:  3/10       EV: 13    Int: 21    God:
Gold:   71         SH:  0    Dex: 15    Spells: 3/9 levels left

rFire    . . .     SeeInvis .   f - +0 trident
rCold    . . .     Faith    .   (no shield)
rNeg     + . .     Spirit   .   c - +0 robe
rPois    .         Reflect  .   (no helmet)
rElec    .         Harm     .   (no cloak)
rCorr    .         Rampage  .   (no gloves)
Will     .....                  (no boots)
Stlth    ++........             (no amulet)
HPRegen  0.08/turn              j - ring of positive energy
MPRegen  0.12/turn              (no ring)

@: lethally poisoned (0 -> -7)
A: no striking features
a: no special abilities


You were on level 3 of the Dungeon.
You visited 1 branch of the dungeon, and saw 3 of its levels.

You collected 71 gold pieces.

Inventory:

Hand Weapons
 f - a +0 trident (weapon)
 g - a +0 dagger
Missiles
 b - 6 poisoned darts
Armour
 c - a +0 robe (worn)
Jewellery
 j - a ring of positive energy (left hand)
Scrolls
 a - 2 scrolls of remove curse {unknown}
 d - a scroll of identify {unknown}
 e - 2 scrolls of fog {unknown}
 h - a scroll of teleportation {unknown}
 i - 3 scrolls of blinking {unknown}
 k - a scroll of random uselessness {unknown}


   Skills:
 - Level 2.4 Dodging
 - Level 2.4 Stealth
 - Level 3.0 Spellcasting
 + Level 1.0 Conjurations
 + Level 2.7 Transmutations
 * Level 4.6 Earth Magic


You had 3 spell levels left.
You knew the following spells:

 Your Spells              Type           Power        Failure   Level
a - Sandblast             Erth           44%          1%          1
b - Passwall              Tmut/Erth      15%          4%          2
c - Stone Arrow           Conj/Erth      30%          12%         3

Your spell library contained the following spells:

 Spells                   Type           Power        Failure   Level
 Petrify                  Tmut/Erth      18%          28%         4
 Lee's Rapid Deconstruct  Erth           11%          50%         5


Dungeon Overview and Level Annotations

Branches:
Dungeon (3/15)

Altars:


Message History

You feel sick.
You take 1 damage, and have 4/24 hp.
* * * LOW HITPOINT WARNING * * *
You feel sick.
There is a stone staircase leading down here.
You take 1 damage, and have 3/24 hp.
* * * LOW HITPOINT WARNING * * *
You feel sick.
You climb downwards.
Found a runed hand axe.
Found a stone staircase leading down.
There is a stone staircase leading up here.
* * * LOW HITPOINT WARNING * * *
You feel sick.
You take 1 damage, and have 2/24 hp.
* * * LOW HITPOINT WARNING * * *
You feel sick.
You take 1 damage, and have 1/24 hp.
Unknown command.
Unknown command.
You die...

#+# #.# #.###
.. # #...
....#.##.#
.......@.#####
###+###...)..#
#......#
#...<..+
+......#
#......#
#......#
#.>....#
..######


There were no monsters in sight!

Vanquished Creatures
  3 adders
  A worm (D:2)
  2 dart slugs (D:1)
  A leopard gecko (D:2)
  2 bats
  2 giant cockroaches (D:1)
  5 goblins
  6 hobgoblins
  7 jackals (D:1)
  A quokka (D:1)
  A frilled lizard (D:1)
  4 kobolds
  6 rats
41 creatures vanquished.

Notes
Turn   | Place    | Note
-------+----------+-------------------------------------------
     0 | D:1      | jasper the Deep Elf Earth Elementalist began the quest for
                  | the Orb.
     0 | D:1      | Reached XP level 1. HP: 10/10 MP: 6/6
   130 | D:1      | Reached XP level 2. HP: 15/15 MP: 5/8
   164 | D:1      | Learned a level 2 spell: Passwall
   412 | D:1      | Reached skill level 4 in Earth Magic
   585 | D:1      | Reached XP level 3. HP: 17/19 MP: 6/9
   843 | D:1      | Learned a level 3 spell: Stone Arrow
  2107 | D:2      | Reached skill level 1 in Conjurations
  2107 | D:2      | Reached XP level 4. HP: 24/24 MP: 6/10
  2164 | D:3      | HP: 1/24 [poisoned by an adder]
  2166 | D:3      | Succumbed to an adder's poison

Illustrated notes

Levels and vault maps discovered:
D:1:      heliophobic_arrival_henge, layout_rooms, kennysheep_decorative_pillar
D:2:      layout_basic, nicolae_overflow_hidden_temple
D:3:      layout_basic, lemuel_doored_altar, gammafunk_ghost_icy

Skill      XL: |  1  2  3 |
---------------+----------+-----
Transmutations | 2 |  2.7
Earth Magic    | 4 |  4.6
Conjurations   | 1 |  1.0
Dodging        | |  2.4
Stealth        | |  2.4
Spellcasting   | |  3.0

Action                   |  1- 3 |  4- 6 || total
-------------------------+-------+-------++-------
Melee: Dagger            |    44 |       ||    44
       Unarmed           |     4 |       ||     4
       Trident           |     2 |    11 ||    13
 Cast: Sandblast         |    33 |       ||    33
       Stone Arrow       |    18 |     3 ||    21
  Use: Potion            |     2 |       ||     2
 Stab: Sleeping          |     4 |       ||     4
       Distracted        |       |     1 ||     1
Armor: Robe              |    10 |       ||    10
Dodge: Dodged            |    54 |    13 ||    67

Table legend: (Time is in decaauts)
 A = Elapsed time spent in this place.
 B = Non-inter-level travel time spent in this place.
 C = Inter-level travel time spent in this place.
 D = Time resting spent in this place.
 E = Time spent auto-exploring this place.
 F = Levels seen in this place.
 G = Mean time per level.
                   A        B        C        D        E       F      G
               +--------+--------+--------+--------+--------+-----+--------+
         Total |   2171 |   2145 |     26 |    603 |   1072 |   3 |  723.7 |
       Dungeon |   2171 |   2145 |     26 |    603 |   1072 |   3 |  723.7 |
               +--------+--------+--------+--------+--------+-----+--------+

Top non-repeatable levels by time:
     D:1: 1369 daAuts
     D:2: 797 daAuts
     D:3: 3 daAuts
